 Dungeon Crawl Stone Soup version 0.24-a0-715-g0b739ee41d (webtiles) character file.

Game seed: 4646211852240294219, levelgen mode: deterministic

716495 DEFE the Bringer of Light (level 27, -1/145 (147) HPs)
             Began as a Spriggan Fighter on Sept 27, 2019.
             Was the Champion of the Shining One.
             Impaled on a Hell Sentinel's spines (5 damage)
             ... on level 7 of the Iron City of Dis on Sept 30, 2019.
             The game lasted 03:09:27 (78235 turns).

DEFE the Bringer of Light (Spriggan Fighter)       Turns: 78235, Time: 03:09:28

HP:   -1/145 (147)  AC: 41    Str: 21    XL:     27
MP:   23/41         EV: 20    Int: 12    God:    the Shining One [******]
Gold: 7611          SH:  9    Dex: 17    Spells: 24/26 levels left

rFire    + + .     SeeInvis +   b - +9 eudemon blade (holy)
rCold    + + +     Gourm    .   c - +1 buckler {AC+3}
rNeg     + + +     Faith    .   g - +8 gold dragon scales
rPois    +         Spirit   .   (helmet restricted)
rElec    .         Reflect  .   W - scarf {rC+ rF+}
rCorr    .         Harm     .   (gloves unavailable)
MR       ++++.                  (boots unavailable)
Stlth    ..........             r - amulet of regeneration
HPRegen  0.74/turn              F - +5 ring of protection
MPRegen  0.27/turn              V - ring of Uqok {*Contam rC+ AC+6 Stlth+}

@: glowing, very quick
A: very small, unfitting armour, see invisible, herbivore, speed 3, slow
metabolism 2
}: 4/15 runes: barnacled, silver, bone, gossamer
a: Divine Shield, Cleansing Flame, Summon Divine Warrior, Renounce Religion


You were on level 7 of the Iron City of Dis.
You worshipped the Shining One.
The Shining One was exalted by your worship.
You were not hungry.

You visited 13 branches of the dungeon, and saw 61 of its levels.
You visited 2 bazaars.
You also visited: Bailey and Ice Cave.

You collected 13427 gold pieces.
You spent 5816 gold pieces at shops.

Inventory:

Hand Weapons
 a - the +8 autumn katana {slice, Clar}
   (You took it off a crimson imp on level 14 of the Dungeon)

   It inflicts extra damage upon your enemies.
   It protects you against confusion.
 b - a +9 eudemon blade of holy wrath (weapon)
 R - a +5 scythe of slicing
Missiles
 J - 7 curare-tipped darts (quivered)
Armour
 c - a +1 buckler of protection (worn)
 g - +8 gold dragon scales (worn)
 W - a scarf of resistance (worn)
Jewellery
 r - an amulet of regeneration (around neck)
 z - an uncursed ring of resist corrosion
 C - the ring of the Sneaky Queens {*Slow rElec rN++ MR+ Int+2}
   (You found it on level 3 of the Elven Halls)

   [ring of protection from magic]

   It affects your intelligence (+2).
   It insulates you from electricity.
   It greatly protects you from negative energy.
   It affects your resistance to hostile enchantments.
   It may slow you when you take damage.
 F - a +5 ring of protection (left hand)
 V - the ring of Uqok (right hand) {*Contam rC+ AC+6 Stlth+}
   (You found it on level 2 of the Crypt)

   [ring of protection]

   It affects your AC (+6).
   It protects you from cold.
   It causes magical contamination when unequipped.
   It makes you more stealthy.
Wands
 i - a wand of disintegration (1)
 o - a wand of flame (21)
 p - a wand of acid (20)
 x - a wand of iceblast (15)
 X - a wand of paralysis (11)
 Y - a wand of scattershot (2)
 Z - a wand of digging (1)
Scrolls
 k - 27 scrolls of remove curse
 l - 16 scrolls of teleportation
 m - 13 scrolls of enchant weapon
 s - 3 scrolls of fear
 u - 5 scrolls of magic mapping
 v - 3 scrolls of holy word
 y - 6 scrolls of fog
 B - 11 scrolls of identify
 D - a scroll of summoning
 G - 5 scrolls of brand weapon
 K - 5 scrolls of immolation
 L - a scroll of silence
 M - 11 scrolls of amnesia
 T - 7 scrolls of vulnerability
Potions
 d - 13 potions of might
 e - 3 potions of berserk rage
 h - 11 potions of mutation
 j - 7 potions of haste
 n - 5 potions of ambrosia
 q - 12 potions of curing
 t - 11 potions of agility
 w - 3 potions of resistance
 A - 10 potions of brilliance
 E - 8 potions of flight
 H - 5 potions of lignification
 N - 4 potions of cancellation
 S - a potion of magic
Miscellaneous
 I - a lamp of fire
 O - 4 boxes of beasts
 P - 3 phantom mirrors
 Q - a phial of floods
 U - a lightning rod (4/4)
Comestibles
 f - 14 rations


   Skills:
 + Level 16.2 Fighting
   Level 14.0(20.7) Short Blades
 + Level 19.9(20.7) Long Blades
 - Level 14.0 Armour
 - Level 20.0 Dodging
 - Level 7.2 Shields
 O Level 27 Invocations
 - Level 20.0 Evocations


You had 24 spell levels left.
You knew the following spells:

 Your Spells              Type           Power        Failure   Level  Hunger
a - Song of Slaying       Chrm           #.......     100%        2    ###....

Your spell library contained the following spells:

 Spells                   Type           Power        Failure   Level  Hunger
 Animate Skeleton         Necr           N/A          100%        1    ##.....
 Apportation              Tloc           #.....       100%        1    ##.....
 Beastly Appendage        Tmut           #.....       100%        1    ##.....
 Confusing Touch          Hex            #.....       100%        1    ##.....
 Corona                   Hex            #......      100%        1    ##.....
 Infusion                 Chrm           #...         100%        1    ##.....
 Pain                     Necr           #...         100%        1    ##.....
 Sting                    Conj/Pois      #...         100%        1    ##.....
 Summon Butterflies       Summ           #.......     100%        1    ##.....
 Summon Small Mammal      Summ           #...         100%        1    ##.....
 Call Imp                 Summ           #.......     100%        2    ###....
 Corpse Rot               Necr           N/A          100%        2    ###....
 Ensorcelled Hibernation  Hex/Ice        #.....       100%        2    ###....
 Poisonous Vapours        Pois/Air       #.....       100%        2    ###....
 Shroud of Golubria       Chrm/Tloc      #.....       100%        2    ###....
 Slow                     Hex            #.......     100%        2    ###....
 Sticks to Snakes         Tmut           #.......     100%        2    ###....
 Sublimation of Blood     Necr           #.........   100%        2    ###....
 Swiftness                Chrm/Air       #.......     100%        2    ###....
 Call Canine Familiar     Summ           #.......     100%        3    ####...
 Confuse                  Hex            #.......     100%        3    ####...
 Conjure Flame            Conj/Fire      #.......     100%        3    ####...
 Dazzling Spray           Conj/Hex       #.....       100%        3    ####...
 Ignite Poison            Fire/Tmut/Pois #.......     100%        3    ####...
 Inner Flame              Hex/Fire       #.......     100%        3    ####...
 Lesser Beckoning         Tloc           #.........   100%        3    ####...
 Mephitic Cloud           Conj/Pois/Air  #.......     100%        3    ####...
 Portal Projectile        Hex/Tloc       #.....       100%        3    ####...
 Regeneration             Chrm/Necr      #.........   100%        3    ####...
 Spectral Weapon          Hex/Chrm       #.......     100%        3    ####...
 Spider Form              Tmut/Pois      #.........   100%        3    ####...
 Summon Guardian Golem    Hex/Summ       #.......     100%        3    ####...
 Tukima's Dance           Hex            #.......     100%        3    ####...
 Vampiric Draining        Necr           #.........   100%        3    ####...
 Animate Dead             Necr           N/A          100%        4    #####..
 Cause Fear               Hex            #.........   100%        4    #####..
 Ice Form                 Ice/Tmut       #.......     100%        4    #####..
 Leda's Liquefaction      Hex/Erth       #.........   100%        4    #####..
 Olgreb's Toxic Radiance  Pois           #.......     100%        4    #####..
 Petrify                  Tmut/Erth      #.......     100%        4    #####..
 Sticky Flame             Conj/Fire      #.......     100%        4    #####..
 Summon Ice Beast         Ice/Summ       #.......     100%        4    #####..
 Summon Lightning Spire   Summ/Air       #.......     100%        4    #####..
 Alistair's Intoxication  Tmut/Pois      #.......     100%        5    ######.
 Blade Hands              Tmut           #.........   100%        5    ######.
 Bolt of Magma            Conj/Fire/Erth #.........   100%        5    ######.
 Borgnjor's Vile Clutch   Necr/Erth      #.........   100%        5    ######.
 Dispel Undead            Necr           #.......     100%        5    ######.
 Excruciating Wounds      Chrm/Necr      #.........   100%        5    ######.
 Fireball                 Conj/Fire      #.........   100%        5    ######.
 Irradiate                Conj/Tmut      #.........   100%        5    ######.
 Iskenderun's Battlesphe  Conj/Chrm      #.......     100%        5    ######.
 Metabolic Englaciation   Hex/Ice        #.........   100%        5    ######.
 Silence                  Hex/Air        #.........   100%        5    ######.
 Summon Demon             Summ           #.........   100%        5    ######.
 Summon Mana Viper        Hex/Summ       #.......     100%        5    ######.
 Venom Bolt               Conj/Pois      #.........   100%        5    ######.
 Yara's Violent Unravell  Hex/Tmut       #.........   100%        5    ######.
 Bolt of Cold             Conj/Ice       #.........   100%        6    #######
 Bolt of Fire             Conj/Fire      #.........   100%        6    #######
 Conjure Ball Lightning   Conj/Air       #.........   100%        6    #######
 Darkness                 Hex            #.........   100%        6    #######
 Death Channel            Necr           #.........   100%        6    #######
 Deflect Missiles         Chrm/Air       #.........   100%        6    #######
 Freezing Cloud           Conj/Ice/Air   #.........   100%        6    #######
 Invisibility             Hex            #.......     100%        6    #######
 Iron Shot                Conj/Erth      #.........   100%        6    #######
 Ozocubu's Refrigeration  Ice            #.........   100%        6    #######
 Shadow Creatures         Summ           N/A          100%        6    #######
 Simulacrum               Ice/Necr       #.........   100%        6    #######
 Haunt                    Necr/Summ      #.........   100%        7    #######
 Orb of Destruction       Conj           #.........   100%        7    #######
 Ring of Flames           Chrm/Fire      #.........   100%        7    #######
 Spellforged Servitor     Conj/Summ      #.........   100%        7    #######
 Summon Hydra             Summ           #.........   100%        7    #######
 Borgnjor's Revivificati  Necr           #.........   100%        8    #######
 Death's Door             Chrm/Necr      #.........   100%        8    #######
 Discord                  Hex            #.........   100%        8    #######
 Ignition                 Fire           #.........   100%        8    #######
 Infestation              Necr           #.........   100%        8    #######
 Necromutation            Tmut/Necr      #.........   100%        8    #######
 Dragon's Call            Summ           #.........   100%        9    #######
 Tornado                  Air            #.........   100%        9    #######


Dungeon Overview and Level Annotations

Branches:
Dungeon (15/15)            Temple (1/1) D:7            Lair (6/6) D:8
 Shoals (4/4) Lair:4       Spider (4/4) Lair:2        Slime (0/5) Lair:5
    Orc (2/2) D:11            Elf (3/3) Orc:2        Vaults (5/5) D:14
  Crypt (3/3) Vaults:2       Tomb (0/3) Crypt:3      Depths (5/5) D:15
   Hell (visited)             Dis (7/7) Hell            Geh (0/7) Hell
    Coc (0/7) Hell            Tar (7/7) Hell            Zot (0/5) Depths:5
 Bailey (visited)           IceCv (visited)

Altars:
Ashenzari
Cheibriados
Dithmenos
Elyvilon
Fedhas
Gozag
Hepliaklqana
Kikubaaqudgha
Makhleb
Nemelex Xobeh
Okawaru
Qazlal
Ru
Uskayaw
Vehumet
Wu Jian
Xom
Yredelemnul
Zin
The Shining One
Beogh
Jiyva

Shops:
D:4 =   D:7 [   D:15 *:(:   Orc:2 [(=*   Elf:3 [   Depths:1 [}

Portals:
Hell: Lair:6 Depths:1 Depths:2 Depths:3 Depths:4 Depths:5
Abyss: Depths:3 Depths:4
Pandemonium: Depths:2 Depths:3
Ziggurat: Depths:5

Annotations:
D:4 exclusion: statue
D:12 1 runed translucent door
D:14 exclusion: orange crystal statue
Lair:2 exclusion: orange crystal statue
Lair:6 2 runed translucent doors, SnubMonkey's ghost, journeyman FoFi
Shoals:1 3 runed translucent doors, Huonio's ghost, adept GrEE; Torikoriko's ghost, journeyman OgSk
Elf:2 3 runed translucent doors


Innate Abilities, Weirdness & Mutations

You are very small and have problems with some larger weapons.
You are too small for most types of armour.
You have supernaturally acute eyesight. (SInv)
You are a herbivore.
You cover ground extremely quickly.
You need to consume almost no food.


Message History

The golden flame engulfs you but does no damage.
You resist.
The golden flame engulfs the hellion!!!!
The hellion writhes in agony!
You kill the hellion!
The Shining One accepts your kill.
You feel better.
You feel your power returning.
The golden flame engulfs the Hell Sentinel!!!
The Hell Sentinel writhes in agony!
You feel somewhat more hungry.
You hear a deafening roar!
The Hell Sentinel gestures at you.
The sphere of damnation explodes!
The damnation engulfs you!!
* * * LOW HITPOINT WARNING * * *
The damnation engulfs the Hell Sentinel.
The Hell Sentinel completely resists.
You take 30 damage, and have 4/145 hp.
MASSIVE DAMAGE!!
You now have 23/41 mp.
You are struck by the Hell Sentinel's spines.
You die...

**,* #.#........*,,,* *,* *,*
#.#........*...# *,* *,*
#.#,,,,,,,,*...###******,** *,*
#.##########.....,,,,,,,,,, *,*
#..............#********,,*
#.####.†.)..........# *,,*
#........).)........# *,,*
*#.......))..........## *,,*
................@.....## *,,*
................1......##*****,,,
................)........,,,,,,,,
################A########******+*
*#5#* ****** **,*
*#...#***,,,,****,,,
#.###.#,,,,,,,,*,*** #.*
*...,,,,,,,,,* *
#,***,#..,,,,,,*,***


You could see a Hell Sentinel, an iron imp and a friendly daeva.

Vanquished Creatures
  Ereshkigal (Tar:7)
  2 ancient liches
  Mara (Crypt:2)
  A greater mummy (Crypt:3)
  The ghost of Zaowoih the Warrior, a veteran GrFi of the Shining One (Crypt:2)
  Boris (twice) (Depths:1 Crypt:1)
  Bai Suzhen (Crypt:2)
  Saint Roka (Vaults:2)
  Geryon (Hell)
  2 golden dragons
  7 bone dragons
  Jory (Crypt:1)
  15 Tzitzimimeh
  5 doom hounds
  3 iron giants
  10 liches
  5 tentacled monstrosities
  An Ice Fiend (Dis:1)
  2 hellephants (Hell)
  3 quicksilver dragons (Vaults:5)
  5 titans
  Polyphemus (Shoals:4)
  2 deep elf master archers (Elf:3)
  4 deep elf blademasters (Elf:3)
  Frances (Spider:1)
  8 sphinxes
  2 krakens
  6 ancient champions
  8 shadow dragons
  9 tengu reavers
  Agnes (Spider:4)
  4 storm dragons
  2 revenants
  2 balrugs
  16 fire giants
  5 deep elf sorcerers
  An orc warlord (Orc:1)
  7 ghost moths
  Aizul (Depths:1)
  11 frost giants
  10 vault wardens
  5 curse skulls
  A draconian shifter (Depths:5)
  31 reapers
  6 emperor scorpions
  5 iron dragons
  A draconian stormcaller (Depths:4)
  4 deep elf elementalists
  12 ghouls
  12 very ugly things
  23 stone giants
  13 ironheart preservers
  A spriggan defender (Depths:1)
  A juggernaut skeleton (Depths:1)
  2 war gargoyles
  5 entropy weavers
  4 deep elf demonologists
  2 green draconians
  A lorocyproca (Hell)
  A purple draconian (Depths:5)
  A red draconian (Depths:5)
  10 deep elf annihilators
  3 black draconians (Depths:5)
  24 vampire knights
  A yellow draconian (Depths:5)
  12 spark wasps
  Azrael (Elf:2)
  6 eidola
  18 ettins
  10 deep elf death magi
  3 mummy priests (Crypt:3)
  A dire elephant (D:15)
  4 merfolk javelineers
  Snorg (Orc:1)
  2 quicksilver dragon zombies
  3 blizzard demons
  7 fire dragons
  3 crystal guardians
  7 merfolk impalers
  7 deep elf high priests
  17 jiangshi
  A quicksilver dragon skeleton (Crypt:1)
  9 great orbs of eyes
  13 yaktaur captains
  30 vault guards
  12 hydras
  A hell beast (Depths:2)
  3 spriggan air magi
  12 ice dragons
  4 merfolk avatars
  A ghost crab (Tar:7)
  3 rakshasas
  2 catoblepae
  2 satyrs
  4 death knights
  9 centaur warriors
  42 two-headed ogres
  8 merfolk aquamancers
  15 dancing weapons
  15 ogre magi
  7 death yaks
  19 hell hogs
  An iron golem (Hell)
  13 vampire magi
  3 orc high priests
  9 deep troll shamans
  7 tengu warriors
  7 deep troll earth magi
  A spriggan (Depths:3)
  8 spriggan berserkers
  5 sun demons (Hell)
  Sonja (Lair:1)
  16 hell knights
  A storm dragon zombie (Tar:7)
  22 deep elf knights
  86 skeletal warriors
  6 soul eaters
  5 iron trolls
  2 titan skeletons
  7 shadow wraiths
  2 fire crabs (shapeshifter)
  2 death drakes
  2 storm dragon skeletons (Tar:7)
  3 anaconda zombies
  An entropy weaver zombie (Crypt:3)
  A spriggan druid (Elf:2)
  19 deep trolls
  3 golden dragon zombies
  9 shadow demons
  A death drake (shapeshifter) (Depths:1)
  11 sea snakes
  A gelid demonspawn (Depths:3)
  7 flayed ghosts
  3 unseen horrors
  An infernal demonspawn (Depths:3)
  2 wizards
  A glowing orange brain (Depths:2)
  3 anaconda skeletons
  20 deep elf archers
  13 ironbrand convokers
  An orange crystal statue (Depths:5)
  25 harpies
  2 wolf spider zombies
  21 orb spiders
  53 deep elf magi
  15 orc knights
  28 phantasmal warriors
  2 stone giant zombies
  9 necromancers
  7 fire giant zombies
  A harpy (shapeshifter) (Depths:1)
  6 orc sorcerers
  18 fauns
  A salamander (D:15)
  39 ugly things
  13 manticores
  32 wolf spiders
  A moth of wrath (Spider:1)
  A cyclops (shapeshifter) (Vaults:5)
  2 fauns (shapeshifter)
  A sphinx skeleton (Crypt:1)
  8 cyclopes
  3 elephants (Lair:4)
  A frost giant skeleton (Hell)
  2 frost giant zombies
  A centaur zombie (D:14)
  A guardian serpent (shapeshifter) (Vaults:4)
  14 rust devils
  3 iron dragon skeletons
  16 merfolk sirens
  A black mamba (shapeshifter) (Elf:1)
  7 smoke demons
  16 vault sentinels
  5 stone giant skeletons
  A storm dragon simulacrum (Crypt:1)
  5 water nymphs
  3 black mambas
  3 ice statues
  A torpor snail (Spider:4)
  3 dire elephant zombies
  A catoblepas zombie (Crypt:1)
  13 spiny frogs
  2 orange demons
  A dire elephant skeleton (Crypt:2)
  A fire giant skeleton (Tar:7)
  3 gargoyles
  A rime drake (shapeshifter) (Vaults:5)
  A kobold demonologist (D:11)
  5 rime drakes
  A yaktaur zombie (Depths:1)
  An efreet (D:13)
  54 yaktaurs
  A minotaur zombie (Tar:7)
  3 small abominations
  A catoblepas skeleton (Hell)
  12 hellions
  7 ice devils
  13 tormentors
  10 komodo dragons
  A polar bear (shapeshifter) (Depths:1)
  19 demonic crawlers
  4 hydra zombies
  A spriggan skeleton (Depths:2)
  4 tengu conjurers
  16 trolls
  14 freezing wraiths
  7 harpy zombies
  5 red devils
  A silent spectre (Tar:7)
  A meliai (shapeshifter) (Depths:2)
  21 polar bears
  34 guardian mummies (Crypt:3)
  32 merfolk
  8 wind drakes
  Grinder (D:4)
  27 jumping spiders
  A tarantella zombie (Crypt:2)
  11 bog bodies
  13 blink frogs
  9 hornets
  31 slime creatures
  A raiju (shapeshifter) (D:13)
  18 dream sheep
  A dream sheep (shapeshifter) (Vaults:5)
  2 fire dragon zombies
  2 alligator zombies
  13 hippogriffs
  6 hydra skeletons
  A death drake skeleton (Crypt:1)
  A frost giant simulacrum (Vaults:2)
  A hippogriff (shapeshifter) (Depths:2)
  3 ice dragon skeletons
  An ettin zombie (Tar:3)
  6 snapping turtles
  A spriggan zombie (Depths:2)
  A black mamba zombie (Dis:6)
  2 alligator skeletons
  31 tarantellas
  A vampire (D:14)
  28 water elementals
  13 ushabtiu (Crypt:3)
  15 wraiths
  26 shadows
  5 wyverns
  A fire dragon skeleton (Tar:7)
  58 flying skulls
  50 redbacks
  2 tarantellas (shapeshifter)
  A ynoxinul (Depths:2)
  97 yaks
  13 fire elementals
  Grum (Lair:1)
  A yak (shapeshifter) (Depths:1)
  2 ettin skeletons
  3 hungry ghosts
  10 vampire mosquitoes
  3 basilisks
  A steam dragon (D:11)
  A water nymph zombie (Crypt:3)
  7 wargs
  3 soldier ants
  A hydra simulacrum (Hell)
  2 acid dragons
  8 water moccasins
  2 floating eyes
  2 spiny frog zombies
  Duvessa (D:4)
  37 orc warriors
  2 water nymph skeletons
  12 porcupines
  30 hell hounds
  4 black bears
  5 sky beasts
  3 phantoms
  2 snapping turtle zombies
  5 ice beasts
  2 eyes of draining
  34 ogres
  A wolf (shapeshifter) (Vaults:3)
  13 necrophages
  A swamp dragon zombie (Crypt:2)
  24 wolves
  8 boggarts (Vaults:3)
  A lindwurm skeleton (Crypt:2)
  2 swamp dragon skeletons
  23 centaurs
  A manticore skeleton (Dis:6)
  15 crocodiles
  A big kobold (shapeshifter) (Vaults:4)
  4 big kobolds
  An octopode zombie (Crypt:2)
  A wyvern zombie (D:13)
  A hippogriff zombie (Shoals:4)
  An elf zombie (Hell)
  A yaktaur skeleton (Depths:1)
  4 earth elementals
  22 bullfrogs
  2 wyvern skeletons
  Dowan (D:4)
  A scorpion (D:8)
  A troll zombie (Crypt:3)
  46 wights
  17 killer bees
  8 electric eels
  A warg skeleton (Crypt:3)
  An elf simulacrum (Vaults:3)
  2 howler monkeys
  12 crimson imps
  4 lava snakes (Lair:2)
  2 quasits (Depths:3)
  A bullfrog zombie (D:10)
  3 hounds
  A human simulacrum (Vaults:1)
  4 jellies
  36 orc wizards
  22 orc priests
  Ijyb (D:5)
  A black bear skeleton (Crypt:2)
  3 bullfrog skeletons
  4 centaur skeletons
  10 iron imps
  A gnoll shaman (D:6)
  2 human skeletons
  6 iguanas
  7 hell rats (Hell)
  10 worker ants
  A naga zombie (Tar:7)
  An acid dragon zombie (Crypt:3)
  9 mummies
  Robin (D:4)
  6 gnolls
  2 howler monkey skeletons
  6 adders
  10 shadow imps
  4 white imps
  An ufetubus (Depths:3)
  2 oozes (D:1)
  A halfling skeleton (Crypt:1)
  2 adder zombies
  4 worms
  2 dart slugs
  4 leopard geckos
  125 orcs
  12 bats
  5 giant cockroaches
  18 goblins
  14 hobgoblins
  16 jackals
  15 kobolds
  5 quokkas
  A ball python (D:1)
  A ball python zombie (Crypt:2)
  5 frilled lizards
  A jackal skeleton (D:8)
  A leopard gecko skeleton (D:4)
  2 leopard gecko zombies
  7 rats
  2 crawling corpses (Elf:1)
  7 tentacles
2936 creatures vanquished.

Vanquished Creatures (collateral kills)
  Sojobo (Crypt:1)
  Boris (Vaults:2)
  A bone dragon (Vaults:2)
  3 Tzitzimimeh (Tar:7)
  A shard shrike zombie (Crypt:1)
  An iron giant (Dis:7)
  A tentacled monstrosity (Vaults:5)
  A deep elf master archer (Elf:3)
  A deep elf blademaster (Elf:3)
  A quicksilver dragon (Vaults:5)
  An ancient champion (Dis:6)
  A titan (Vaults:5)
  A tengu reaver (Crypt:1)
  A storm dragon (Vaults:5)
  3 vault wardens
  A stone giant (Vaults:5)
  4 ironheart preservers
  A vampire knight (Crypt:1)
  A deep elf death mage (Elf:3)
  A merfolk javelineer (Shoals:4)
  2 merfolk impalers (Shoals:4)
  An ettin (Vaults:2)
  A fire dragon (Vaults:3)
  Harold (D:7)
  An ice dragon (Vaults:5)
  5 two-headed ogres
  3 ogre magi
  4 death yaks (Lair:6)
  2 deep elf knights
  2 skeletal warriors (Tar:7)
  A sixfirhy (Lair:6)
  A deep elf archer (Vaults:3)
  A phantasmal warrior (Tar:7)
  A manticore (Shoals:4)
  9 ugly things
  2 fire giant zombies (Crypt:1)
  3 elephants (Lair:6)
  2 orange demons (Lair:6)
  A vault sentinel (Vaults:1)
  2 spiny frogs (Lair:6)
  A komodo dragon (Lair:6)
  5 yaktaurs
  2 ice devils (Lair:6)
  A meliai (shapeshifter) (Vaults:3)
  A silent spectre (Tar:7)
  A merfolk (Shoals:4)
  A blink frog (shapeshifter) (Vaults:2)
  2 slime creatures (Vaults:3)
  A hippogriff (Lair:6)
  A shadow (Tar:7)
  A flying skull (Crypt:1)
  9 yaks (Lair:6)
  2 water moccasins (Lair:6)
  3 hell hounds (Lair:6)
  A manticore zombie (Tar:7)
  8 ogres
  2 wights (Tar:7)
  An orc (D:6)
  A quokka (D:6)
  A fungus (Lair:6)
  A plant (Lair:6)
118 creatures vanquished.

Vanquished Creatures (others)
  An eldritch tentacle (Tar:7)
  A hell hog (Hell)
  A guardian mummy (Crypt:3)
  A yak (IceCv)
  A hell hound (Elf:2)
  An ettin simulacrum (Hell)
  An ogre (D:7)
  5 centaurs (D:11)
  A killer bee (D:7)
  A centaur skeleton (D:11)
  An orc wizard (D:11)
  An orc zombie (Tar:7)
  A crawling corpse (Depths:5)
  13 fungi
  23 plants
  22 tentacles
  3 withered plants (Shoals:1)
78 creatures vanquished.

Grand Total: 3132 creatures vanquished

Notes
Turn   | Place    | Note
-------+----------+-------------------------------------------
     0 | D:1      | DEFE the Spriggan Fighter began the quest for the Orb.
     0 | D:1      | Reached XP level 1. HP: 11/11 MP: 2/2
   106 | D:1      | Reached XP level 2. HP: 12/16 MP: 3/3
   454 | D:1      | Reached XP level 3. HP: 19/19 MP: 4/4
  1004 | D:2      | Noticed a bullfrog
  1012 | D:2      | Killed a bullfrog
  1012 | D:2      | Reached skill level 5 in Short Blades
  1012 | D:2      | Reached skill level 5 in Dodging
  1012 | D:2      | Reached XP level 4. HP: 17/23 MP: 5/5
  1554 | D:3      | Reached XP level 5. HP: 27/27 MP: 6/6
  2270 | D:3      | Found a roughly hewn altar of Beogh.
  2321 | D:4      | Found Goggoq's Jewellery Shop.
  2321 | D:4      | Noticed Duvessa
  2322 | D:4      | Noticed Dowan
  2322 | D:4      | Noticed Grinder
  2459 | D:4      | Reached XP level 6. HP: 32/32 MP: 7/7
  2567 | D:4      | Found a radiant altar of Vehumet.
  2642 | D:4      | Killed Grinder
  2708 | D:4      | Killed Dowan
  2708 | D:4      | Reached XP level 7. HP: 35/35 MP: 8/8
  2773 | D:4      | Noticed Robin
  2798 | D:4      | Killed Robin
  3296 | D:4      | Found Goggoq's Jewellery Shop.
  3367 | D:4      | Found a radiant altar of Vehumet.
  3436 | D:4      | Killed Duvessa
  3661 | D:5      | Entered Level 5 of the Dungeon
  3846 | D:5      | Noticed Ijyb
  4012 | D:5      | Killed Ijyb
  4503 | D:6      | Reached XP level 8. HP: 39/39 MP: 9/9
  5217 | D:7      | Found Lanuof's Antique Armour Shoppe.
  5383 | D:7      | Noticed Harold
  5467 | D:7      | Found a shattered altar of Ashenzari.
  5473 | D:7      | Saw a vision of the Shoals and the Spider Nest.
  5473 | D:7      | Noticed a merfolk
  5473 | D:7      | Noticed a merfolk siren
  5473 | D:7      | Noticed a merfolk
  5473 | D:7      | Noticed a merfolk siren
  5473 | D:7      | Noticed a merfolk
  5474 | D:7      | Noticed a sea snake
  5484 | D:7      | Killed Harold
  5484 | D:7      | Reached skill level 10 in Short Blades
  5502 | D:7      | Reached skill level 10 in Dodging
  5578 | D:7      | Reached XP level 9. HP: 31/43 MP: 10/10
  5713 | D:7      | DEFE: ??eudemon
  5713 | D:7      | beem: I don't have a page labeled eudemon in my learndb.
  5713 | D:7      | DEFE: ??demon blade
  5713 | D:7      | beem: demon blade[1/1]: (long blades; -1 acc / 12 dam / 1.3
                  | base delay / 0.6 min delay). A terrible weapon, forged in
                  | the fires of Hell. Can be {bless}ed into a {eudemon blade}.
  5713 | D:7      | DEFE: ??sp
  5713 | D:7      | beem: spriggan[1/6]: Spriggans move two-thirds faster than
                  | most and have seven magic resistance per level (not three),
                  | but can't wear most armour and have the second-lowest
                  | natural HP of any race. They have bad aptitudes for melee
                  | skills (except short blades), but have enormous EV and are
                  | good at stealth, stabbing and related magics.
  5713 | D:7      | DEFE: ??sp[2
  5713 | D:7      | beem: spriggan[2/6]: They cannot eat meat in any form
                  | (thus, no chunks), but they have a very slow metabolism.
                  | Their extreme herbivorousness helps in that it boosts the
                  | food value they get from their veggies. They also do not
                  | benefit from gourmand effects.
  5713 | D:7      | DEFE: ??sp[3
  5713 | D:7      | beem: spriggan[3/6]: The following weapons are one-handed
                  | for spriggans: club, whip, mace, flail, demon whip, all
                  | short blades, falchion, hand axe, demon blade, eveningstar.
  5864 | D:7      | Bought a glowing scarf for 176 gold pieces
  6303 | D:7      | Found a staircase to the Ecumenical Temple.
  6312 | Temple   | Entered the Ecumenical Temple
  6383 | Temple   | Became a worshipper of the Shining One
  6772 | D:8      | Found a staircase to the Lair.
  6811 | D:8      | Reached * piety under the Shining One
  7396 | D:9      | Reached XP level 10. HP: 47/47 MP: 11/11
  7455 | D:9      | Noticed an eight-headed hydra
  7505 | D:9      | Killed an eight-headed hydra
  7712 | D:9      | Goblin1989: че, спригганы могут поднять демонблейд?
  7723 | D:9      | DEFE: да
  7723 | D:9      | DEFE: даже ивнинг стар
  7749 | D:9      | Goblin1989: ну тогда норм
  7877 | D:9      | Noticed a two-headed ogre
  7894 | D:9      | Killed a two-headed ogre
  8156 | D:9      | Reached ** piety under the Shining One
  8318 | D:10     | Entered Level 10 of the Dungeon
  8335 | D:10     | Noticed an unseen horror
  8339 | D:10     | Reached skill level 5 in Evocations
  8386 | D:9      | Killed an unseen horror
  8574 | D:10     | Reached XP level 11. HP: 51/51 MP: 11/16
  9181 | D:10     | Noticed a two-headed hydra
  9198 | D:10     | Killed a two-headed hydra
  9652 | D:11     | Reached *** piety under the Shining One
  9740 | D:11     | Noticed a four-headed hydra
  9749 | D:11     | Killed a one-headed hydra
  9773 | D:11     | Noticed a green ugly thing
  9792 | D:11     | Killed a green ugly thing
  9792 | D:11     | Reached skill level 1 in Long Blades
  9847 | D:11     | Noticed a brown ugly thing
  9872 | D:11     | Killed a brown ugly thing
  9872 | D:11     | Reached skill level 15 in Dodging
 10454 | D:11     | Reached XP level 12. HP: 32/59 MP: 8/20
 10618 | D:11     | Found a staircase to the Orcish Mines.
 10916 | D:11     | Reached skill level 5 in Fighting
 10916 | D:11     | Reached skill level 10 in Evocations
 11278 | D:7      | Bought an embroidered robe for 81 gold pieces
 11353 | Lair:1   | Entered Level 1 of the Lair of Beasts
 11354 | Lair:1   | Noticed Grum
 11415 | Lair:1   | Killed Grum
 11736 | Lair:1   | Noticed Sonja
 11749 | Lair:1   | Killed Sonja
 12475 | Lair:2   | Found a hole to the Spider Nest.
 12633 | Lair:2   | Reached **** piety under the Shining One
 13307 | Lair:2   | Noticed a five-headed hydra
 13316 | Lair:2   | Killed a one-headed hydra
 14053 | Lair:3   | Reached XP level 13. HP: 51/65 MP: 14/22
 14600 | Lair:3   | Reached skill level 5 in Long Blades
 15955 | Lair:4   | Found a staircase to the Shoals.
 16360 | Lair:5   | Reached ***** piety under the Shining One
 16361 | Lair:5   | Found a frozen archway.
 16401 | IceCv    | Entered an ice cave
 17097 | IceCv    | Reached skill level 5 in Shields
 17471 | IceCv    | Noticed a frost giant
 17483 | IceCv    | Killed a frost giant
 17483 | IceCv    | Reached XP level 14. HP: 66/72 MP: 21/24
 18121 | Lair:5   | Found a staircase to the Slime Pits.
 18121 | Lair:5   | Found a viscous altar of Jiyva.
 18872 | Lair:6   | Entered Level 6 of the Lair of Beasts
 19590 | Lair:6   | Found a large runed translucent door.
 19630 | Lair:6   | Found a large runed translucent door.
 19632 | Lair:6   | Noticed SnubMonkey's ghost (journeyman FoFi)
 20104 | Lair:6   | Found a burning altar of Makhleb.
 20125 | Lair:6   | Reached ****** piety under the Shining One
 20171 | Lair:6   | Found a gateway to Hell.
 20619 | Orc:1    | Entered Level 1 of the Orcish Mines
 20815 | Orc:1    | Noticed Snorg
 20823 | Orc:1    | Killed Snorg
 21001 | Orc:2    | Entered Level 2 of the Orcish Mines
 21092 | Orc:2    | Noticed an orc warlord
 21428 | Orc:1    | Killed an orc warlord
 22541 | Orc:2    | Found a roughly hewn altar of Beogh.
 22651 | Orc:2    | Found Xyetig's General Store.
 22722 | Orc:2    | Found a staircase to the Elven Halls.
 22792 | Orc:2    | Found Wijeloigi's Antique Armour Shop.
 22807 | Orc:2    | Found Fueshu's Jewellery Shop.
 22822 | Orc:2    | Found Decenuad's Antique Weapon Shop.
 22846 | Orc:2    | Bought a scarf of resistance for 480 gold pieces
 22856 | Orc:2    | Bought a potion of lignification for 45 gold pieces
 22856 | Orc:2    | Bought a wand of paralysis (6) for 120 gold pieces
 22856 | Orc:2    | Bought a +1 rapier of venom for 177 gold pieces
 23030 | Orc:1    | Noticed a stone giant
 23047 | Orc:2    | Reached XP level 15. HP: 61/78 MP: 26/26
 24508 | D:12     | Found a runed translucent door.
 24634 | D:12     | Noticed a frost giant
 25026 | D:13     | Found a flagged portal.
 25035 | Bailey   | Entered a bailey
 26803 | D:14     | Reached skill level 15 in Evocations
 26944 | D:14     | Found a runed translucent door.
 27284 | D:14     | Goblin1989: ты инвоки качаешь?
 27402 | D:14     | DEFE: нет
 27552 | D:14     | Found a shadowy altar of Dithmenos.
 27832 | D:14     | Goblin1989: а че так? вызвал дэва, он тебе весь этаж
                  | зачистит.
 27850 | D:14     | DEFE: потом
 28013 | D:14     | Found a gate to the Vaults.
 28135 | D:14     | DEFE: хо хо
 28135 | D:14     | DEFE: вот и НУЖНОК
 28135 | D:14     | DEFE: НУЖНОЕ
 28135 | D:14     | DEFE: оружие
 28135 | D:14     | DEFE: Только как его достать
 28622 | D:14     | Goblin1989: все, это заявка на успех. :)
 28946 | D:15     | Entered Level 15 of the Dungeon
 28952 | D:15     | Identified a scroll of acquirement
 29016 | D:15     | Found Maikh's Book Shoppe.
 29018 | D:15     | Found Jassoc's Assorted Antiques.
 29037 | D:15     | Bought a scroll of identify for 66 gold pieces
 29037 | D:15     | Bought a scroll of identify for 66 gold pieces
 29054 | D:15     | Found Efohesk's Book Boutique.
 29291 | D:15     | Found Vuycaken's Weapon Shoppe.
 29411 | D:15     | Found a staircase to the Depths.
 29725 | D:4      | Bought a +5 ring of protection for 770 gold pieces
 29930 | Spider:1 | Entered Level 1 of the Spider Nest
 30108 | Orc:2    | Bought an uncursed ring of poison resistance for 280 gold
                  | pieces
 30305 | Lair:2   | Reached skill level 10 in Fighting
 30318 | Spider:1 | Reached XP level 16. HP: 85/85 MP: 28/28
 30643 | Spider:1 | Noticed Frances
 30854 | Spider:1 | Killed Frances
 30909 | Spider:1 | Reached skill level 1 in Invocations
 31033 | Spider:1 | Reached skill level 1 in Armour
 31350 | Spider:2 | Reached skill level 2 in Invocations
 32306 | Spider:3 | Reached skill level 3 in Invocations
 32581 | Spider:3 | Reached skill level 10 in Long Blades
 33213 | Spider:3 | Reached skill level 4 in Invocations
 33713 | Spider:4 | Entered Level 4 of the Spider Nest
 34300 | Spider:4 | Reached skill level 5 in Invocations
 34401 | Spider:4 | Noticed Agnes
 34414 | Spider:4 | Killed Agnes
 34414 | Spider:4 | Reached XP level 17. HP: 89/89 MP: 30/30
 35807 | Spider:4 | Reached skill level 6 in Invocations
 36564 | Spider:4 | Reached skill level 5 in Armour
 36594 | Spider:4 | Got a gossamer rune of Zot
 37078 | Vaults:1 | Entered Level 1 of the Vaults
 37540 | Vaults:1 | Reached skill level 7 in Invocations
 38565 | Vaults:1 | Reached skill level 8 in Invocations
 39061 | Vaults:2 | Reached XP level 18. HP: 93/93 MP: 32/32
 39358 | Vaults:2 | Noticed Saint Roka
 39388 | Vaults:2 | Killed Saint Roka
 39534 | Vaults:2 | Noticed a bone dragon
 39535 | Vaults:2 | Found a staircase to the Crypt.
 39573 | Vaults:2 | The Shining One protects you from harm!
 39574 | Vaults:2 | Killed a bone dragon
 39855 | Vaults:2 | Reached skill level 9 in Invocations
 40542 | Vaults:2 | Identified the cursed +0 large shield of the Camelopard
                  | {*Contam rPois rC+ Int+6}
 41041 | Vaults:2 | Noticed Boris
 41068 | Vaults:2 | Killed Boris
 41529 | Vaults:3 | Reached skill level 10 in Invocations
 41671 | Vaults:3 | Found a glowing golden altar of the Shining One.
 41675 | Vaults:3 | Found a flickering gateway to a bazaar.
 41684 | Bazaar   | Entered a bazaar
 41698 | Bazaar   | Found Etromel's General Store.
 41698 | Bazaar   | Found Boisabee's Antique Armour Emporium.
 41719 | Bazaar   | Found Voevimm's Jewellery Shoppe.
 41719 | Bazaar   | Found Ycsul's Antique Armour Emporium.
 41740 | Bazaar   | Found Ujiufin's Armour Emporium.
 41781 | Bazaar   | Bought +1 gold dragon scales for 1653 gold pieces
 41834 | Bazaar   | Bought a runed buckler for 180 gold pieces
 41853 | Bazaar   | Bought a +1 buckler of protection for 181 gold pieces
 41853 | Bazaar   | Bought a potion of resistance for 110 gold pieces
 41866 | Bazaar   | Bought a scroll of teleportation for 33 gold pieces
 42010 | Vaults:3 | Reached XP level 19. HP: 98/98 MP: 33/33
 42910 | Vaults:3 | Reached skill level 11 in Invocations
 44273 | Vaults:4 | Reached skill level 12 in Invocations
 45059 | Vaults:4 | Reached skill level 10 in Armour
 45402 | Vaults:4 | Reached XP level 20. HP: 102/102 MP: 35/35
 45825 | Elf:1    | Entered Level 1 of the Elven Halls
 45929 | Elf:1    | Reached skill level 13 in Invocations
 46227 | Elf:1    | Reached XP level 21. HP: 107/107 MP: 36/36
 47393 | Elf:2    | Noticed Azrael
 47428 | Elf:2    | Killed Azrael
 47563 | Elf:2    | Found a runed translucent gate.
 47563 | Elf:2    | Found a runed translucent gate.
 47563 | Elf:2    | Found a runed translucent gate.
 47767 | Elf:2    | Reached skill level 14 in Invocations
 48094 | Elf:3    | Entered Level 3 of the Elven Halls
 48094 | Elf:3    | Found Vennaack's Antique Armour Shop.
 48199 | Elf:3    | Found Fiyssat's Fabulous Fripperies.
 48941 | Elf:3    | Identified the +12 spear "Omumutta" {protect, rN+}
 49391 | Elf:3    | HP: 2/107 [deep elf annihilator/bolt of lightning (18)]
 49793 | Elf:3    | Identified Mnoleg's Papyrus of Creation
 49909 | Elf:3    | Got a translucent lapis lazuli ring
 49911 | Elf:3    | Identified the ring of the Sneaky Queens {*Slow rElec rN++
                  | MR+ Int+2} (You found it on level 3 of the Elven Halls)
 49969 | Elf:3    | Got a brightly glowing iron ring
 49971 | Elf:3    | Identified the ring "Onuafeko" {Fire +Fly} (You found it on
                  | level 3 of the Elven Halls)
 50352 | Shoals:1 | Entered Level 1 of the Shoals
 50916 | Shoals:1 | Found a runed translucent gate.
 50916 | Shoals:1 | Found a runed translucent gate.
 51006 | Shoals:1 | Found a runed translucent gate.
 51006 | Shoals:1 | Noticed Torikoriko's ghost (journeyman OgSk)
 51007 | Shoals:1 | Noticed Huonio's ghost (adept GrEE)
 51961 | Shoals:2 | Reached XP level 22. HP: 104/112 MP: 37/37
 54033 | Shoals:4 | Entered Level 4 of the Shoals
 54151 | Shoals:4 | Upgraded the game from 0.24-a0-653-g3936067ed8 to
                  | 0.24-a0-715-g0b739ee41d
 54200 | Shoals:4 | Noticed Polyphemus
 55032 | Shoals:4 | Got a barnacled rune of Zot
 55069 | Shoals:4 | Killed Polyphemus
 56687 | Depths:1 | Entered Level 1 of the Depths
 56867 | Depths:1 | Found Aciedgh's Gadget Emporium.
 56867 | Depths:1 | Found Ymius's Armour Shoppe.
 56881 | Depths:1 | Bought a wand of acid (4) for 320 gold pieces
 56881 | Depths:1 | Bought a wand of acid (7) for 440 gold pieces
 56881 | Depths:1 | Bought a box of beasts for 400 gold pieces
 56905 | Depths:1 | Noticed Boris
 56919 | Depths:1 | Killed Boris
 57873 | Depths:1 | Reached XP level 23. HP: 125/125 MP: 38/38
 58183 | Depths:1 | Reached skill level 15 in Fighting
 58593 | Depths:2 | Found a one-way gate leading to the halls of Pandemonium.
 58602 | Depths:2 | Found a flickering gateway to a bazaar.
 58642 | Bazaar   | Entered a bazaar
 58642 | Bazaar   | Found Locet's General Store.
 58689 | Bazaar   | Found Lileishu's Book Shoppe.
 58699 | Bazaar   | Found Weonodd's Book Shop.
 58710 | Bazaar   | Found Zommiav's Antique Armour Shop.
 58739 | Bazaar   | Learned a level 2 spell: Song of Slaying
 58749 | Bazaar   | Bought a scroll of teleportation for 21 gold pieces
 58749 | Bazaar   | Bought a scroll of identify for 14 gold pieces
 58749 | Bazaar   | Bought a potion of agility for 28 gold pieces
 58749 | Bazaar   | Bought a scroll of identify for 14 gold pieces
 58749 | Bazaar   | Bought a wand of paralysis (9) for 77 gold pieces
 58749 | Bazaar   | Bought a scroll of identify for 14 gold pieces
 58749 | Bazaar   | Bought a ration for 35 gold pieces
 58749 | Bazaar   | Bought a ration for 35 gold pieces
 59139 | Depths:2 | Noticed Aizul
 59190 | Depths:1 | Goblin1989: Напомни, чем эта катана так хороша?
 59307 | Depths:1 | DEFE: тем что это эудемон со слайсом
 59326 | Depths:1 | Killed Aizul
 59816 | Depths:2 | Goblin1989: а почему спригган ее вместе со щитом носить
                  | может?
 59824 | Depths:2 | DEFE: а почему нет?
 59832 | Depths:2 | Goblin1989: тяжелая
 59863 | Depths:2 | Goblin1989: а спригган по сути своей феечка без крылышков
 60947 | Depths:3 | Goblin1989: лан, работать пора идти\
 61107 | Depths:3 | Reached skill level 15 in Long Blades
 61750 | Depths:3 | Found a one-way gate to the infinite horrors of the Abyss.
 62587 | Depths:3 | Reached XP level 24. HP: 86/131 MP: 38/38
 62957 | Depths:4 | You fall into a shaft and drop 1 floor!
 62957 | Depths:5 | Entered Level 5 of the Depths
 63328 | Depths:4 | You fall into a shaft and drop 1 floor!
 63830 | Depths:4 | Found the +9 heavy crossbow "Sniper" {velocity, Acc+∞ SInv}
 64302 | Depths:5 | Found a gate to the Realm of Zot.
 64984 | Depths:5 | Found a gateway to a ziggurat.
 65920 | Crypt:1  | Entered Level 1 of the Crypt
 66412 | Crypt:1  | Noticed Boris
 66434 | Crypt:1  | Killed Boris
 66616 | Crypt:1  | Reached skill level 15 in Invocations
 66666 | Crypt:1  | Reached XP level 25. HP: 135/135 MP: 38/38
 66861 | Crypt:1  | Noticed Sojobo
 67133 | Crypt:1  | Noticed Jory
 67155 | Crypt:1  | Killed Jory
 67164 | Crypt:1  | Killed Sojobo
 67182 | Crypt:1  | Identified the ring "Etei" {Fire MR+}
 67242 | Crypt:1  | Found an ancient bone altar of Kikubaaqudgha.
 67248 | Crypt:1  | Identified the +10 triple crossbow "Dragon's Doom" {venom,
                  | Fragile +Blink rF++}
 67711 | Crypt:2  | Noticed Mara
 67719 | Crypt:2  | Noticed DEFE's illusion
 67719 | Crypt:2  | Reached skill level 16 in Invocations
 67720 | Crypt:2  | Killed Mara
 67887 | Crypt:2  | Noticed Bai Suzhen
 67924 | Crypt:2  | Killed Bai Suzhen
 68121 | Crypt:2  | Found a runed translucent gate.
 68121 | Crypt:2  | Found a runed translucent gate.
 68121 | Crypt:2  | Found a runed translucent gate.
 68121 | Crypt:2  | Noticed Zaowoih's ghost (veteran GrFi)
 68146 | Crypt:2  | Reached skill level 17 in Invocations
 68163 | Crypt:2  | Killed Zaowoih's ghost
 68186 | Crypt:2  | Identified the ring of Uqok {*Contam rC+ AC+6 Stlth+} (You
                  | found it on level 2 of the Crypt)
 68561 | Crypt:3  | Entered Level 3 of the Crypt
 68720 | Crypt:3  | Reached skill level 18 in Invocations
 68765 | Crypt:3  | Noticed an ancient lich
 68775 | Crypt:3  | Killed an ancient lich
 69102 | Crypt:3  | Identified Sif Muna's Volume of Blistering Unholy Magic
 69607 | Crypt:3  | Reached XP level 26. HP: 89/140 MP: 38/38
 69713 | Crypt:3  | Noticed a greater mummy
 69733 | Crypt:3  | Killed a greater mummy
 69733 | Crypt:3  | Reached skill level 19 in Invocations
 70136 | Crypt:3  | Found a staircase to the Tomb.
 70426 | Crypt:3  | Identified the ring of Jounyqoi {+Blink rN+ Str+8 Slay-3}
                  | (You found it on level 3 of the Crypt)
 70427 | Crypt:3  | Identified the ring "Cofips" {rN+ Str+3 Dex+3} (You found
                  | it on level 3 of the Crypt)
 70428 | Crypt:3  | Identified the ring of Creativity {+Inv +Fly rElec rN+
                  | Str-5} (You found it on level 3 of the Crypt)
 70451 | Crypt:3  | Identified the Papyrus of Doomed Envenoming
 70975 | Vaults:5 | Entered Level 5 of the Vaults
 71378 | Vaults:5 | Reached skill level 20 in Invocations
 72459 | Vaults:5 | Identified the +7 ring mail "Gaiptake" {rElec Str+4}
 72483 | Vaults:5 | Reached skill level 21 in Invocations
 72918 | Vaults:5 | Identified Sif Muna's Reference Book on Fetching Darkness
 73115 | Vaults:5 | Identified the +3 chain mail of Utivuj {Int+3}
 73116 | Vaults:5 | Reached skill level 22 in Invocations
 73219 | Vaults:5 | Got a silver rune of Zot
 73922 | Hell     | Entered the Vestibule of Hell
 73922 | Hell     | Noticed Geryon
 73936 | Hell     | Killed Geryon
 73953 | Hell     | Reached XP level 27. HP: 120/144 MP: 19/39
 74009 | Hell     | Identified a +3 eudemon blade of holy wrath (a +1 demon
                  | blade of pain blessed by the Shining One)
 74009 | Hell     | Received a gift from the Shining One
 74075 | Hell     | Reached skill level 23 in Invocations
 74082 | Hell     | Found a gateway to the freezing wastes of Cocytus.
 74357 | Hell     | Found a gateway to the Iron City of Dis.
 74505 | Hell     | Found a gateway to the ashen valley of Gehenna.
 74585 | Hell     | Found a gateway to the decaying netherworld of Tartarus.
 74605 | Tar:1    | Entered Level 1 of Tartarus
 75151 | Tar:3    | Reached skill level 24 in Invocations
 75279 | Tar:3    | You fall into a shaft and drop 3 floors!
 75527 | Tar:7    | Entered Level 7 of Tartarus
 75786 | Tar:7    | Reached skill level 25 in Invocations
 75910 | Tar:7    | Noticed an ancient lich
 75923 | Tar:7    | Killed an ancient lich
 75979 | Tar:7    | Noticed Ereshkigal
 76020 | Tar:7    | Killed Ereshkigal
 76020 | Tar:7    | Reached skill level 26 in Invocations
 76066 | Tar:7    | Got a bone rune of Zot
 76234 | Tar:7    | Identified the Catalogue of the Blaze and Protection
 76407 | Tar:7    | Identified the amulet "Sumacew" {Faith Slay+3} (You found
                  | it on level 7 of Tartarus)
 76647 | Tar:7    | Identified the Disquisition on the Assistive Blaze
 76776 | Dis:1    | Entered Level 1 of the Iron City of Dis
 76865 | Dis:1    | Reached skill level 27 in Invocations
 78122 | Dis:7    | Entered Level 7 of the Iron City of Dis
 78234 | Dis:7    | HP: 4/145 [Hell Sentinel/damnation (32)]
 78235 | Dis:7    | Impaled on a Hell Sentinel's spines

Levels and vault maps discovered:
D:1:      minmay_arrival_four_circles, layout_basic
D:2:      layout_basic
D:3:      layout_basic, first_ration, kennysheep_orc_chapel
D:4:      layout_rooms, vehumet_statue, serial_shops, nicolae_shop_waterfront,
          uniq_duvessa, uniq_grinder, uniq_robin
D:5:      layout_cave_pools, uniq_ijyb
D:6:      layout_gridville
D:7:      layout_basic, temple_hall, serial_shops, nicolae_shop_waterfront,
          grunt_ashenzari_visionary [grunt_ashenzari_visionary_shoals,
          grunt_ashenzari_visionary_spider], uniq_harold
D:8:      layout_loops_ring, lair_entry_dummy
D:9:      layout_gridville
D:10:     layout_cave_pools, hangedman_ranch [blue_anna_fruit_fields]
D:11:     layout_stronghold, erik_orc_4, lemuel_flame_loot_1
D:12:     layout_cave_pools, wad_hexagon
D:13:     layout_basic, enter_bailey_3
D:14:     layout_basic, david_vaults_5,
          nicolae_dithmenos_through_a_glass_darkly, minmay_crystal_box
D:15:     hangedman_depths_entry_try_elsewhere_first, layout_rooms,
          serial_shops, nicolae_shop_behind_doors, shop,
          nicolae_shop_competitors_out_of_business, shop,
          hangedman_decor_growths
Temple:   regret_index_temple_sigil_plot
Lair:1:   layout_regular_city, chequers_serial_rivers_large_a, uniq_sonja,
          uniq_grum
Lair:2:   layout_chaotic_city, dummy_spider_entry, disabler_island
Lair:3:   beast_lair_carwin_large_1, layout_long_grid, serial_bayou_ford_a
Lair:4:   layout_hall_layers, elwin_shoals_entry_rooms
Lair:5:   layout_cave_pods, slime_altar_1, portal_ice_cave_rime,
          grunt_megastairs_2
Lair:6:   evil_forest, layout_long_grid, ebering_ghost_disaster_area,
          infiniplex_staircase_pool_2
Shoals:1: layout_shoals, gammafunk_ghost_cemetery
Shoals:2: layout_shoals
Shoals:3: cheibrodos_shoals_baths, layout_shoals, kb_tengu_band
Shoals:4: shoals_end_simple, layout_shoals, nicolae_shoals_undead_eyrie,
          uniq_polyphemus
Spider:1: layout_spider_delve, hangedman_spider_tarantella_strand, uniq_frances
Spider:2: layout_chambers
Spider:3: layout_chambers
Spider:4: spider_rune_water, uniq_agnes
Orc:1:    layout_caves, mines4_lemuel, uniq_snorg
Orc:2:    grunt_orc_cross, layout_caves
Elf:1:    elf_arrival_001, layout_onion_city, evilmike_minifort,
          roderic_roman_lattice, feat_on_display
Elf:2:    layout_geoelf_octagon, kilobyte_rumbling_trees, uniq_azrael
Elf:3:    minmay_elf_hall, layout_geoelf_diagonals, serial_shops, shop,
          minivault_14, nicolae_alphabet_shops
Vaults:1: nicolae_vaults_fighting_squares, nicolae_vaults_disjoint_gnomons,
          nicolae_vaults_mini_display_case, vaults_room_door_hall,
          v_alt_pattern_2, hangedman_vaults_hat,
          ontoclasm_vaults_decontamination, layout_vaults_omnigrid
Vaults:2: minmay_crypt_entry_nasty_monster, v_misc_25,
          nicolae_vaults_network_periphery, serial_ice_m, v_misc_9,
          vaults_mumra_chevron_long, nicolae_vaults_an_arrangement,
          vaults_dpeg_encased_lava, v_alt_pattern_4, grunt_vaults_hallway_short,
          vaults_dpeg_cross, v_misc_18, vaults_room_fours,
          layout_vaults_omnicross, uniq_boris, uniq_saint_roka
Vaults:3: grunt_vaults_focal, v_misc_2, vaults_room_corners, v_alt_pattern_1,
          v_alt_pattern_5, nicolae_vaults_hallways_thing, v_misc_27,
          vaults_room_fours, hangedman_vaults_trim, nicolae_vaults_rhombus_5,
          v_misc_13, serial_ice_g, layout_vaults_maze_bifur, basic_altar,
          serial_shops, bzr_in_the_mist
Vaults:4: v_misc_5, st_octagons_1, ontoclasm_vaults_loading_screen, v_misc_8,
          nicolae_vaults_little_squares_6, v_rooms_2, v_pattern_3,
          vaults_room_pool, vaults_mumra_hexcomb, v_misc_2,
          vaults_room_door_ring, layout_vaults_ring
Vaults:5
Crypt:1:  lemuel_vampire_tower, layout_basic, grunt_ministairs_5, st_stairs_4,
          uniq_sojobo
Crypt:2:  layout_gridlike, gammafunk_ghost_spectres, uniq_mara, uniq_bai_suzhen
Crypt:3:  due_elkab, layout_chaotic_city, tomb_entry_shell_bobbens
Depths:1: layout_gridville, serial_sigils_hangedman_snap, hell_entry,
          minmay_swirly_circle, minmay_shoptagon
Depths:2: minmay_the_grid_four_pointed_star_mashed
          [minmay_the_grid_triangle_9x9_pentomino_pain,
          minmay_the_grid_triangle_9x9_flanged_cone,
          minmay_the_grid_triangle_9x9_dagger,
          minmay_the_grid_triangle_9x9_negative_grid,
          minmay_the_grid_prize_inner_circle], layout_honeycomb,
          rand_demon_pan_entry_3, serial_shops, bzr_entry_dummy,
          minmay_misc_feat_enclosed, hell_entry, uniq_aizul
Depths:3: minmay_inside_and_out, layout_cave_shapes, grunt_pan_entry_sceptre,
          kennysheep_flooded_box, abyss_entry, grunt_hell_entry_dis_grunt,
          infiniplex_staircase_trident
Depths:4: evilmike_inaccessible_box, layout_gridville,
          hangedman_abyss_entry_splay, hangedman_coc_ice_floe,
          infiniplex_staircase_star, uniq_jory
Depths:5: grunt_crosshair, layout_gridlike, enter_ziggurat_d, hell_entry,
          grunt_decor_mini_mirrors, minivault_16, serial_bayou_shore_a
Hell
Dis:1:    layout_subdivisions
Dis:2:    layout_gridville, grunt_megastairs_1
Dis:3:    layout_gridville
Dis:4:    layout_gridville, hangedman_dis_decor_tower
Dis:5:    layout_jigsaw, hangedman_player_shredder
Dis:6:    layout_subdivisions
Dis:7:    iron_city_of_dis [dis_mu, dis_wall_8], layout_chaotic_city
Tar:1:    layout_catacombs, nicolae_tar_cuneiform_city
Tar:2:    minmay_shadows, layout_honeycomb
Tar:3:    layout_grid_maze
Tar:6:    layout_cathedral_of_symmetry, nicolae_tar_cuneiform_bread
Tar:7:    tar_old

Skill      XL: |  1  2  3  4  5  6  7  8  9 10 11 12 13 14 15 16 17 18 19 20 21 22 23 24 25 26 27 |
---------------+----------------------------------------------------------------------------------+-----
Short Blades   | 3 5 6 7 8 10 12 14 | 14.0
Dodging        | 5 6 7 8 10 12 13 15 16 17 18 19 20 | 20.0
Evocations     | 6 9 11 12 14 15 17 18 19 20 | 20.0
Fighting       | 4 6 7 8 10 14 15 16 | 16.2
Long Blades    | 2 4 6 7 9 10 11 12 15 18 19 | 19.9
Shields        | 3 5 6 7 |  7.2
Invocations    | 5 8 10 12 13 14 15 18 22 27 | 27.0
Armour         | 3 6 8 10 13 14 | 14.0

Action                   |  1- 3 |  4- 6 |  7- 9 | 10-12 | 13-15 | 16-18 | 19-21 | 22-24 | 25-27 || total
-------------------------+-------+-------+-------+-------+-------+-------+-------+-------+-------++-------
Melee: Rapier            |   127 |   209 |   207 |  1625 |  3287 |       |       |       |       ||  5455
       Dagger            |       |       |   425 |       |       |       |       |       |       ||   425
       Unarmed           |       |       |     2 |       |       |       |       |       |       ||     2
       Falchion          |       |       |       |    44 |    53 |       |       |       |       ||    97
       Katana            |       |       |       |       |   117 |  1550 |  1585 |  2503 |  1568 ||  7323
       Scimitar          |       |       |       |       |    46 |       |       |       |       ||    46
       Eudemon blade     |       |       |       |       |       |       |       |       |  1309 ||  1309
Throw: Dart              |       |    15 |     5 |     1 |    23 |    12 |     6 |    22 |    21 ||   105
Invok: Summon Divine War |       |       |       |       |       |    11 |     3 |     4 |     8 ||    26
       Divine Shield     |       |       |       |       |       |     1 |     6 |     8 |     5 ||    20
       Cleansing Flame   |       |       |       |       |       |       |     1 |    33 |   112 ||   146
       Brand Weapon With |       |       |       |       |       |       |       |       |     1 ||     1
Evoke: Wand              |       |       |    12 |    18 |    58 |    35 |     7 |    18 |    16 ||   164
       Lightning rod     |       |       |       |       |    15 |    16 |       |       |       ||    31
       Sack of spiders   |       |       |       |       |     7 |       |       |       |       ||     7
       Lamp of fire      |       |       |       |       |       |       |       |     3 |       ||     3
       Box of beasts     |       |       |       |       |       |       |       |       |     4 ||     4
  Use: Scroll            |       |     2 |     1 |    10 |    10 |    21 |     4 |     7 |    22 ||    77
       Potion            |       |     2 |     1 |     1 |     2 |     6 |     4 |     4 |    13 ||    33
 Stab: Sleeping          |     3 |     2 |       |       |       |       |       |       |       ||     5
       Betrayed ally     |       |       |     1 |       |       |       |       |       |       ||     1
  Eat: Ration            |       |       |     2 |     6 |    11 |     9 |     8 |    13 |    20 ||    69
Armor: Robe              |    11 |     6 |    26 |     5 |    12 |       |       |       |       ||    60
       Troll leather arm |       |       |       |    47 |    35 |       |       |       |       ||    82
       Acid dragon scale |       |       |       |       |    42 |   154 |       |       |       ||   196
       Gold dragon scale |       |       |       |       |       |    14 |   452 |   804 |  1168 ||  2438
Dodge: Dodged            |    86 |   110 |   261 |  1080 |  2259 |  1418 |   544 |  1178 |  1395 ||  8331
Block: Buckler           |    28 |    51 |   115 |   364 |   879 |   490 |   472 |   850 |  1048 ||  4297
       Rpst.: Falchion   |       |       |       |     1 |     5 |       |       |       |       ||     6
       Katana            |       |       |       |       |    19 |   290 |   112 |   216 |   139 ||   776
       Scimitar          |       |       |       |       |     7 |       |       |       |       ||     7
       Eudemon blade     |       |       |       |       |       |       |       |       |   157 ||   157

Table legend:
 A = Non-vault XP
 B = Vault XP
 C = Vault XP percentage of total XP
 D = Non-vault monster count
 E = Vault monster count
 F = Vault count percentage of total count
                 A         B        C        D         E       F
            +---------+---------+-------+---------+---------+-------
      Total | 1036862 |  742106 |  41.7 |    2039 |    1007 |  33.1
            +---------+---------+-------+---------+---------+-------
        D:1 |      51 |       0 |   0.0 |      23 |       0 |   0.0
        D:2 |     121 |       0 |   0.0 |      18 |       0 |   0.0
        D:3 |     153 |      47 |  23.5 |      36 |       3 |   7.7
        D:4 |      67 |     544 |  89.0 |       4 |      15 |  78.9
        D:5 |     179 |      40 |  18.3 |       7 |       1 |  12.5
        D:6 |     638 |       0 |   0.0 |      23 |       0 |   0.0
        D:7 |    1587 |     494 |  23.7 |      28 |       1 |   3.4
        D:8 |    1347 |       0 |   0.0 |      39 |       0 |   0.0
        D:9 |    5785 |       0 |   0.0 |      46 |       0 |   0.0
       D:10 |    2475 |    2330 |  48.5 |      29 |      13 |  31.0
       D:11 |    7552 |     422 |   5.3 |      45 |      13 |  22.4
       D:12 |    4016 |     882 |  18.0 |      36 |       2 |   5.3
       D:13 |   11003 |       6 |   0.1 |      55 |       4 |   6.8
       D:14 |    9926 |    5044 |  33.7 |      33 |      10 |  23.3
       D:15 |    5813 |    2798 |  32.5 |      20 |       4 |  16.7
     Lair:1 |    2702 |    1356 |  33.4 |      15 |       5 |  25.0
     Lair:2 |   10525 |     194 |   1.8 |      42 |       4 |   8.7
     Lair:3 |    6190 |    1668 |  21.2 |      23 |      10 |  30.3
     Lair:4 |    6074 |       0 |   0.0 |      26 |       0 |   0.0
     Lair:5 |    5081 |     997 |  16.4 |      25 |       4 |  13.8
     Lair:6 |   12858 |    8044 |  38.5 |      41 |      25 |  37.9
   Shoals:1 |    7614 |       0 |   0.0 |      18 |       0 |   0.0
   Shoals:2 |   23259 |       0 |   0.0 |      44 |       0 |   0.0
   Shoals:3 |   21042 |    5250 |  20.0 |      40 |      11 |  21.6
   Shoals:4 |   13784 |   34221 |  71.3 |      33 |      51 |  60.7
   Spider:1 |   16365 |    2538 |  13.4 |      42 |       2 |   4.5
   Spider:2 |    9240 |       0 |   0.0 |      24 |       0 |   0.0
   Spider:3 |   22090 |       0 |   0.0 |      46 |       0 |   0.0
   Spider:4 |   17512 |   25813 |  59.6 |      40 |      43 |  51.8
      Orc:1 |    4327 |    6969 |  61.7 |      15 |      30 |  66.7
      Orc:2 |    2262 |    3090 |  57.7 |      14 |      18 |  56.2
      Elf:1 |   22307 |    9020 |  28.8 |      38 |      14 |  26.9
      Elf:2 |   14007 |    5159 |  26.9 |      24 |      12 |  33.3
      Elf:3 |   21909 |   41787 |  65.6 |      35 |      29 |  45.3
   Vaults:1 |   20289 |   23019 |  53.2 |      43 |      38 |  46.9
   Vaults:2 |   36554 |   27768 |  43.2 |      58 |      45 |  43.7
   Vaults:3 |   38085 |   17025 |  30.9 |      73 |      30 |  29.1
   Vaults:4 |   30032 |   23227 |  43.6 |      41 |      31 |  43.1
   Vaults:5 |   20827 |  128143 |  86.0 |      25 |      92 |  78.6
    Crypt:1 |   56606 |   40752 |  41.9 |      69 |      55 |  44.4
    Crypt:2 |   42053 |   27363 |  39.4 |      50 |      15 |  23.1
    Crypt:3 |   46036 |   27101 |  37.1 |      44 |      65 |  59.6
   Depths:1 |   51061 |   22991 |  31.0 |      60 |      16 |  21.1
   Depths:2 |   29681 |   34406 |  53.7 |      46 |      29 |  38.7
   Depths:3 |   32809 |   25212 |  43.5 |      40 |      26 |  39.4
   Depths:4 |   17800 |   26673 |  60.0 |      14 |      19 |  57.6
   Depths:5 |   35260 |   20924 |  37.2 |      41 |      14 |  25.5
       Hell |   33692 |   27696 |  45.1 |      45 |      54 |  54.5
      Dis:1 |   18356 |       0 |   0.0 |      30 |       0 |   0.0
      Dis:2 |   25455 |       0 |   0.0 |      60 |       0 |   0.0
      Dis:3 |    3374 |       0 |   0.0 |       8 |       0 |   0.0
      Dis:4 |    7501 |       0 |   0.0 |      13 |       0 |   0.0
      Dis:5 |   17298 |       0 |   0.0 |      17 |       0 |   0.0
      Dis:6 |   31782 |       0 |   0.0 |      38 |       0 |   0.0
      Dis:7 |    7943 |    5183 |  39.5 |      21 |       2 |   8.7
      Tar:1 |   15533 |       0 |   0.0 |      29 |       0 |   0.0
      Tar:2 |    4818 |       0 |   0.0 |       5 |       0 |   0.0
      Tar:3 |   32129 |       0 |   0.0 |      20 |       0 |   0.0
      Tar:6 |    8752 |       0 |   0.0 |      15 |       0 |   0.0
      Tar:7 |   83275 |   89402 |  51.8 |     107 |      60 |  35.9
     Bailey |       0 |    3682 | 100.0 |       0 |      40 | 100.0
      IceCv |       0 |   12826 | 100.0 |       0 |      52 | 100.0
            +---------+---------+-------+---------+---------+-------
